 Dungeon Crawl Stone Soup version 0.32-a0-699-g1ee5eff69a (webtiles) character file.

Game seed: 15626909449177784762

11147 910rd the Grappler (level 11, -6/89 HPs)
             Began as a White Draconian Shapeshifter on Mar 14, 2024.
             Was a Priest of Beogh.
             Killed from afar by a rime drake (14 damage)
             ... with an icy flash freeze
             ... on level 1 of the Lair of Beasts.
             The game lasted 00:36:25 (11465 turns).

910rd the Grappler (White Draconian Shapeshifter)  Turns: 11465, Time: 00:36:26

Health: -6/89      AC:  7    Str: 19 (20) XL:     11   Next: 45%
Magic:  0/17       EV: 16    Int:  7 (10) God:    Beogh [***...]
Gold:   803        SH:  0    Dex: 10 (12) Spells: 13/16 levels left

rFire   . .          .
                       - Unarmed
rCold   + . .        (shield currently unavailable)
rNeg    . . .        (body armour unavailable)
rPois   .            (helmet restricted)
rElec   .            (no cloak)
rCorr   .            (no gloves)
SInv    .            (no boots)
Will    .....        t - amulet of guardian spirit
Stlth   +            (no ring)
HPRegen 0.34/turn    (no ring)
MPRegen 0.15/turn

%: guardian spirit
@: flux-form, glowing
A: glow, contaminating, glacial breath, AC +7, unfitting armour, cold resistance
1, cold-blooded
a: Glacial Breath, Begin Untransformation, Renounce Religion, Smiting, Recall
Apostles, Dismiss Learuk, wizard


You were on level 1 of the Lair of Beasts.
You worshipped Beogh.
Beogh was most pleased with you.
You were something dangerously unstable.
You visited 3 branches of the dungeon, and saw 12 of its levels.
You also visited: Bailey.

You collected 803 gold pieces.

Inventory:

Hand Weapons
 a - a +2 dagger of venom
 h - a +0 short sword of electrocution
 j - a +2 dagger of draining
 n - a +2 dagger of electrocution
 z - a +1 hand cannon of freezing
 A - a +4 morningstar of freezing
Missiles
 m - 32 poisoned darts (quivered)
Magical Staves
 D - a staff of earth
Jewellery
 t - an amulet of guardian spirit (around neck)
Talismans
 b - a beast talisman
 c - a flux talisman (active)
Wands
 o - a wand of digging (4)
 x - a wand of charming (7)
 y - a wand of flame (5)
Scrolls
 e - 6 scrolls of enchant weapon
 f - a scroll of brand weapon
 g - a scroll of revelation
 i - 4 scrolls of teleportation
 q - 6 scrolls of enchant armour
 r - 2 scrolls of poison
Potions
 d - 3 potions of haste
 k - a potion of brilliance {unknown}
 l - 4 potions of resistance
 p - 4 potions of might
 s - a potion of cancellation {unknown}
 v - 4 potions of mutation
 w - 2 potions of degeneration
 C - 2 potions of enlightenment {unknown}


   Skills:
 - Level 6.0 Fighting
 - Level 5.8 Maces & Flails
 - Level 5.0 Dodging
 - Level 10.0 Unarmed Combat
 - Level 3.0 Spellcasting
 - Level 3.0 Conjurations
 + Level 4.3 Earth Magic
 - Level 8.0 Invocations
 - Level 3.0 Evocations
 - Level 7.0 Shapeshifting


You had 13 spell levels left.
You knew the following spells:

 Your Spells              Type           Power      Damage    Failure   Level
a - Stone Arrow           Conj/Erth      12%        3d7       22%         3

Your spell library contained the following spells:

 Spells                   Type           Power      Damage    Failure   Level
 Gell's Gravitas          Tloc           1%         N/A       71%         3
 Teleport Other           Tloc           1%         N/A       71%         3
 Dispersal                Tloc           0%         N/A       100%        6
 Lehudib's Crystal Spear  Conj/Erth      3%         10d2      100%        8
 Animate Armour           Summ/Erth      Unusable   N/A       N/A         4

Dungeon Overview and Level Annotations

Branches:
Dungeon (10/15) Zot: 25993  Temple (1/1) D:4 Zot: 5998    Lair (1/5) D:10 Zot: 5405
 Bailey (visited)
    Orc: D:9-12

Altars:
Ashenzari
Cheibriados
Dithmenos
Elyvilon
Fedhas
Gozag
Hepliaklqana
Kikubaaqudgha
Makhleb
Nemelex Xobeh
Okawaru
Qazlal
Ru
Sif Muna
Trog
Uskayaw
Vehumet
Wu Jian
Xom
Yredelemnul
Zin
The Shining One

Annotations:
D:2 exclusion: downstairs
D:9 2 transporters, exclusion: 2 downstairs, jasper's ghost, novice SpSh
D:10 4 transporters


Innate Abilities, Weirdness & Mutations

You are something dangerously unstable.
You glow with magical radiation, making you easy to see and hit.
Foes you strike become dangerously contaminated with magical radiation.
You are incapable of wielding weapons or throwing items.
Your facial features look somewhat orcish.
You can breathe waves of cold which freeze foes solid.
Your icy white scales are hard. (AC +7)
You cannot fit into any form of body armour.
Your flesh is cold resistant. (rC+)
You are cold-blooded and may be slowed by cold attacks.


Message History

The rime drake barely misses you.
You barely miss the rime drake. You tail-slap the rime drake.
The rime drake is moderately wounded.
The ice encasing you melts away. The rime drake misses you.
You closely miss the rime drake.
The rime drake is moderately wounded.
The rime drake breathes ice at you. The icy flash freeze hits you!
You partially resist.
* * * LOW HITPOINT WARNING * * *
You are encased in ice.
You take 7 damage, and have 2/89 hp.
You now have 1/17 mp.
You punch the rime drake!
The rime drake shudders as magic cascades through it.
The rime drake twists and deforms.
The rime drake is severely wounded.
The rime drake bites you.
* * * LOW HITPOINT WARNING * * *
You take 1 damage, and have 1/89 hp.
You now have 0/17 mp.
You punch the rime drake!
You kill the rime drake!
Beogh accepts your kill.
Your Earth Magic skill increases to level 4!
You don't know any spells.
Unknown command.
This spell is dangerous to cast!
You start memorising the spell.
You continue memorising. x2
The ice encasing you melts away.
You continue memorising.
You finish memorising.
Spell assigned to 'a'.
A rime drake comes into view.
The rime drake hisses angrily.
Okay, then.
Aiming: Charm
Press: ? - help, Shift-Dir - straight line, f - rime drake
Aim: a rime drake (chance to affect: 56%)
The rime drake resists with significant effort.
The rime drake breathes ice at you. The icy flash freeze hits you!
You partially resist.
You die...

#.# *,,,..,,#..
#.#######*,,,,,..(.
#.#........,,,..#..
##.≈≈≈≈≈....,.....#.
#..≈#####...,..(....
##.≈#.......,....#.#
#.≈#..k..≈.,,,,,#..
#.≈#...≈#,,,,,,,#..
##.p#..≈#~*,,,,,,#..
#P..k..#~**,,.,,,#..
#P....≈.....,....##.
#...##.#..#.,.......
##...,......,.......
####**###*.*.####.#
***** ##*


You could see a rime drake (catching breath).

Vanquished Creatures
  2 two-headed ogres
  Urug (Lair:1)
  3 orc knights (Bailey)
  A kobold demonologist (D:10)
  2 rime drakes (Lair:1)
  An unseen horror (D:10)
  A polar bear (Lair:1)
  2 blink frogs (Lair:1)
  Grinder (D:3)
  A wraith (D:10)
  A wyvern (D:10)
  4 yaks (D:8)
  2 steam dragons
  3 water moccasins
  9 orc warriors
  An ice beast (D:7)
  2 sky beasts
  A black bear (Lair:1)
  2 ogres
  2 wolves (Lair:1)
  2 centaurs
  2 phantoms
  2 kobold brigands
  5 bullfrogs
  2 gnoll sergeants
  4 wights (D:9)
  7 killer bees
  2 howler monkeys
  A bombardier beetle (D:6)
  3 hounds
  3 orc priests
  3 sleepcaps
  A gnoll bouda (D:6)
  4 iguanas
  6 orc wizards
  12 gnolls
  4 adders
  2 shadow imps
  A white imp (D:6)
  A ribbon worm (D:3)
  15 orcs
  6 bats
  9 endoplasms
  5 giant cockroaches
  9 goblins
  10 hobgoblins
  3 quokkas
  5 ball pythons
  4 frilled lizards
  13 kobolds
  9 rats
197 creatures vanquished.

Vanquished Creatures (collateral kills)
  5 blink frogs (Lair:1)
  A water moccasin (Lair:1)
6 creatures vanquished.

Vanquished Creatures (others)
  A blink frog (Lair:1)
  An orc apostle (Lair:1)
  A bullfrog (Lair:1)
  9 orcs
12 creatures vanquished.

Grand Total: 215 creatures vanquished

Notes
Turn   | Place    | Note
-------+----------+-------------------------------------------
     0 | D:1      | 910rd the Draconian Shapeshifter began the quest for the
                  | Orb.
     0 | D:1      | Reached XP level 1. HP: 16/16 MP: 1/1
   106 | D:1      | Reached XP level 2. HP: 23/23 MP: 2/2
   731 | D:1      | Reached XP level 3. HP: 19/28 MP: 3/3
   991 | D:2      | Found a faded altar of an unknown god.
  1497 | D:2      | Reached XP level 4. HP: 25/35 MP: 4/4
  1552 | D:3      | Reached skill level 5 in Shapeshifting
  1886 | D:3      | Reached XP level 5. HP: 24/40 MP: 5/5
  2031 | D:3      | Noticed Grinder
  2061 | D:3      | Paralysed by Grinder for 5 turns
  2239 | D:3      | Paralysed by Grinder for 5 turns
  2415 | D:3      | Became a worshipper of Beogh the Shepherd
  2622 | D:3      | Paralysed by Grinder for 2 turns
  2681 | D:4      | Found a staircase to the Ecumenical Temple.
  2744 | D:4      | Noticed an ogre
  2753 | D:4      | Killed an ogre
  2770 | D:4      | Reached XP level 6. HP: 40/47 MP: 6/6
  3247 | Temple   | Entered the Ecumenical Temple
  3466 | D:5      | Entered Level 5 of the Dungeon
  3756 | D:5      | Noticed a sky beast
  3766 | D:5      | Killed a sky beast
  3767 | D:5      | Your scales start taking on an icy white colour.
  3767 | D:5      | Reached XP level 7. HP: 45/53 MP: 7/9
  3767 | D:5      | Gained mutation: Your flesh is cold resistant. (rC+) [White
                  | Draconian growth]
  4072 | D:5      | Found a glowing silver altar of Zin.
  4668 | D:3      | Killed Grinder
  4794 | D:6      | Noticed a two-headed ogre
  4800 | D:6      | Killed a two-headed ogre
  4801 | D:6      | Reached skill level 5 in Invocations
  4801 | D:6      | Reached skill level 5 in Unarmed Combat
  4801 | D:6      | Reached XP level 8. HP: 51/66 MP: 11/11
  4916 | D:6      | Reached * piety under Beogh
  4932 | D:6      | Reached skill level 5 in Fighting
  5412 | D:6      | Reached skill level 6 in Unarmed Combat
  5913 | D:7      | 910rd: !whereis 910rd -log
  5913 | D:7      | Reached XP level 9. HP: 66/74 MP: 9/13
  6063 | D:7      | Reached skill level 7 in Unarmed Combat
  6359 | D:7      | Reached skill level 8 in Unarmed Combat
  6444 | D:7      | Reached skill level 1 in Evocations
  6614 | D:7      | Reached ** piety under Beogh
  6768 | D:7      | Found a sparkling altar of Nemelex Xobeh.
  7090 | D:8      | Reached skill level 9 in Unarmed Combat
  7205 | D:8      | Found a flagged portal.
  7222 | Bailey   | Entered a bailey
  7295 | Bailey   | Reached skill level 5 in Dodging
  7471 | Bailey   | Noticed an orc knight
  7499 | Bailey   | Reached XP level 10. HP: 32/83 MP: 5/14
  7506 | Bailey   | Killed an orc knight
  7690 | Bailey   | Noticed an orc knight
  7723 | Bailey   | Killed an orc knight
  7769 | Bailey   | Noticed an orc knight
  8039 | Bailey   | Killed an orc knight
  8242 | D:8      | Found a radiant altar of Vehumet.
  8480 | D:8      | Reached skill level 10 in Unarmed Combat
  8995 | D:9      | Found a stormy altar of Qazlal.
  9056 | D:9      | Noticed a two-headed ogre
  9067 | D:9      | Killed a two-headed ogre
  9318 | D:9      | Found a transporter.
  9320 | D:9      | Found a transporter.
  9321 | D:9      | Noticed jasper's ghost (novice SpSh)
  9321 | D:9      | Noticed a two-headed ogre
  9325 | D:9      | Noticed a two-headed ogre
  9328 | D:9      | Noticed a two-headed ogre
  9831 | D:10     | Entered Level 10 of the Dungeon
  9837 | D:10     | Found a staircase to the Lair.
  9910 | D:10     | Noticed a cyan ugly thing
 10123 | D:10     | Reached skill level 5 in Maces & Flails
 10170 | D:10     | Found a transporter.
 10170 | D:10     | Found a transporter.
 10172 | D:10     | Found a transporter.
 10275 | D:10     | Found a transporter.
 10327 | D:10     | Found a bloodstained altar of Trog.
 10352 | D:10     | Reached XP level 11. HP: 72/89 MP: 13/17
 10644 | Lair:1   | Entered Level 1 of the Lair of Beasts
 10644 | Lair:1   | Noticed Urug
 10858 | Lair:1   | Killed Urug
 10972 | Lair:1   | Reached *** piety under Beogh
 11038 | Lair:1   | Anointed Learuk the wizard as your apostle
 11058 | Lair:1   | Reached skill level 1 in Earth Magic
 11127 | Lair:1   | Reached skill level 1 in Conjurations
 11175 | Lair:1   | Your ally Learuk died
 11384 | Lair:1   | HP: 1/89 [blink frog (14)]
 11445 | Lair:1   | HP: 2/89 [rime drake/icy flash freeze (7)]
 11452 | Lair:1   | Learned a level 3 spell: Stone Arrow
 11465 | Lair:1   | Killed from afar by a rime drake

Illustrated notes

Levels and vault maps discovered:
D:1:      wheals_arrival_shading, layout_loops_corners
D:2:      layout_basic, shapermc_ecumenical_altar_pompeii
D:3:      layout_loops_ring, uniq_grinder
D:4:      layout_basic, temple_statues, grunt_decor_mini_mirrors
D:5:      layout_basic, zin_academy
D:6:      layout_loops_cross
D:7:      layout_cave_pods, nemelex_spade_bored_becter
D:8:      layout_loops_ring, mainiacjoe_overflow_paths, enter_bailey_3,
          grunt_decor_arrowhead
D:9:      layout_basic, nicolae_qazlal_style_of_elements, gammafunk_ghost_smash
D:10:     layout_rooms, mainiacjoe_overflow_boulevard, lair_entry_dummy,
          nicolae_diode_quadrants
Temple:   minmay_temple_bridge_d
Lair:1:   layout_chaotic_city, portal_ice_cave_rime, uniq_urug, uniq_amaemon,
          uniq_sonja

Skill      XL: |  1  2  3  4  5  6  7  8  9 10 11 |
---------------+----------------------------------+-----
Shapeshifting  | 4 5 6 7 |  7.0
Invocations    | 3 5 6 8 |  8.0
Fighting       | 4 5 6 |  6.0
Dodging        | 3 5 |  5.0
Unarmed Combat | 5 6 9 10 | 10.0
Evocations     | 1 3 |  3.0
Maces & Flails | 5 |  5.8
Spellcasting   | 3 |  3.0
Earth Magic    | 4 |  4.3
Conjurations   | 3 |  3.0

Action                     |  1- 3 |  4- 6 |  7- 9 | 10-12 || total
---------------------------+-------+-------+-------+-------++-------
  Melee: Unarmed           |   112 |   124 |   251 |   248 ||   735
         Tailslap          |     6 |    14 |    46 |    49 ||   115
         Punch             |     2 |     1 |       |       ||     3
  Throw: Dart              |       |     4 |       |       ||     4
 Invoke: Convert to Beogh  |       |     1 |       |       ||     1
         Recall Apostles   |       |       |       |     1 ||     1
         Recruit Apostle   |       |       |       |     1 ||     1
Ability: Glacial Breath    |       |       |     5 |     5 ||    10
  Evoke: Wand              |       |       |     1 |    10 ||    11
    Use: Potion            |       |     2 |     1 |    11 ||    14
         Scroll            |       |     6 |     3 |     9 ||    18
   Stab: Sleeping          |       |     1 |       |       ||     1
 Armour: Skin              |    45 |    70 |   149 |   175 ||   439
  Dodge: Dodged            |    52 |    55 |   192 |   202 ||   501
   Form: Flux              |       |     1 |       |     1 ||     2
                           |       |       |       |     1 ||     1

Table legend: (Time is in decaauts)
 A = Elapsed time spent in this place.
 B = Non-inter-level travel time spent in this place.
 C = Inter-level travel time spent in this place.
 D = Time resting spent in this place.
 E = Time spent auto-exploring this place.
 F = Levels seen in this place.
 G = Mean time per level.
                   A        B        C        D        E       F      G
               +--------+--------+--------+--------+--------+-----+--------+
         Total |  11388 |  10854 |    534 |   1688 |   6794 |  13 |  876.0 |
       Dungeon |   9794 |   9282 |    512 |   1135 |   6494 |  10 |  979.4 |
        Temple |      1 |      1 |      0 |      0 |      0 |   1 |    1.0 |
          Lair |    593 |    571 |     22 |     22 |     75 |   1 |  593.0 |
        Bailey |    999 |    999 |      0 |    529 |    225 |   1 |  999.0 |
               +--------+--------+--------+--------+--------+-----+--------+

Top non-repeatable levels by time:
     D:3: 1288 daAuts
     D:7: 1274 daAuts
  Bailey: 999 daAuts
     D:5: 987 daAuts
     D:9: 970 daAuts
    D:10: 949 daAuts
     D:1: 927 daAuts
     D:8: 918 daAuts
     D:4: 858 daAuts
     D:6: 830 daAuts
     D:2: 789 daAuts
  Lair:1: 593 daAuts
  Temple: 1 daAuts
